 Dungeon Crawl Stone Soup version 0.30.1-11-g7821555f0a (webtiles) character file.

Game seed: 17361010932470792495

1542 frde the Magician (level 9, -1/105 HPs)
             Began as a Djinni Conjurer on Nov 8, 2023.
             Was a Believer of Ashenzari.
             Killed from afar by an orc wizard (6 damage)
             ... with a puff of flame
             ... on level 6 of the Dungeon on Nov 9, 2023.
             The game lasted 01:30:17 (6030 turns).

frde the Magician (Djinni Conjurer)                 Turns: 6030, Time: 01:30:18

Health: -1/105     AC: 24    Str:  6    XL:     9   Next: 11%
Gold:   414        EV:  2    Int: 20    God:    Ashenzari [**....] SH:  5 Dex: 22

rFire   . . .        d - +2 mace of the Lettuce {freeze, rElec}
rCold   . . .        (no shield)
rNeg    . . .        f - melded +1 leather armour of the Bound Abstinence {rC+, Cun, Evo} (curse)
rPois   ∞            p - melded +0 helmet
rElec   +            (cloak currently unavailable)
rCorr   +            (gloves currently unavailable)
SInv    +            (boots unavailable)
Will    .....        b - amulet of Supernal Understanding {Reflect SH+5, Cun, Self} (curse)
Stlth   +++          c - ring "At What Cost Knowledge?" {Dex+6, Fort, Cun} (curse)
HPRegen 0.37/turn    G - ring of resist corrosion
MPRegen 0.00/turn

%: reflection, infuse magic (-2 HP)
@: tree-form (expiring)
A: stationary, stasis, torment immunity, boosted hp, sickness immunity, (fire
resistance 2), (cold vulnerability 1), float, innate caster, HP casting, extra
vitality 1
a: Renounce Religion, Shatter the Chains


You were on level 6 of the Dungeon.
You worshipped Ashenzari.
Ashenzari was pleased with you.
You were a tree.
You visited 1 branch of the dungeon, and saw 6 of its levels.

You collected 414 gold pieces.

Inventory:

Hand Weapons
 d - the +2 mace of the Lettuce (weapon) {freeze, rElec}
   (You found it on level 4 of the Dungeon)

   rElec:     It insulates you from electricity.
 i - a +2 dagger of draining
 q - a +1 short sword of venom
 z - a +0 club
Missiles
 j - 21 poisoned darts
Armour
 a - a +0 robe
 f - the cursed +1 leather armour of the Bound Abstinence (melded) {rC+, Cun, Evo}
   (You found it on level 1 of the Dungeon)

   It has a curse which improves the following skills: Cunning: Dodging and
   Stealth.
   Evocations: Evocations.
 g - a +2 leather armour of cold resistance
 p - a +0 helmet (melded)
Jewellery
 b - the cursed amulet of Supernal Understanding (around neck) {Reflect SH+5, Cun, Self}
   (You found it on level 5 of the Dungeon)

   [amulet of reflection]

   It reflects blocked missile attacks.
   SH:        It affects your SH (+5).
   It has a curse which improves the following skills: Cunning: Dodging and
   Stealth.
   Introspection: Fighting and Spellcasting.
 c - the cursed ring "At What Cost Knowledge?" (left branch) {Dex+6, Fort, Cun}
   (You found it on level 1 of the Dungeon)

   [ring of dexterity]

   Dex:       It affects your dexterity (+6).
   It has a curse which improves the following skills: Fortitude: Armour and
   Shields.
   Cunning:   Dodging and Stealth.
 G - a ring of resist corrosion (right branch)
 I - a ring of ice
Wands
 t - a wand of digging (5)
 F - a wand of polymorph (2) (quivered)
Scrolls
 k - a scroll of teleportation
 m - a scroll of immolation
 n - a scroll of amnesia
 o - 2 scrolls of identify
 s - a scroll of noise
 x - a scroll of vulnerability
 y - a scroll of fog
 D - 2 scrolls of brand weapon
 E - a scroll of poison
Potions
 e - 2 potions of lignification
 h - a potion of attraction
 l - a potion of cancellation
 r - a potion of haste
 u - 2 potions of curing
 v - a potion of flight
 w - 2 potions of berserk rage
 A - a potion of degeneration
 B - a potion of invisibility
 C - a potion of brilliance
 H - a potion of mutation


   Skills:
 * Level 6.6(7.8) Fighting
 + Level 1.1 Maces & Flails
 + Level 2.6(4.0) Dodging
 - Level 1.6(2.9) Stealth
 + Level 7.0(8.2) Spellcasting


You knew the following spells:

 Your Spells              Type           Power      Damage    Failure   Level
a - Magic Dart            Conj           100%       1d8       1%          1
b - Searing Ray           Conj           82%        2d7       1%          2
c - Dazzling Flash        Conj/Hex       82%        N/A       1%          3
d - Fulminant Prism       Conj/Hex       20%        3d12      2%          4
e - Iskenderun's Mystic   Conj/Tloc      41%        2d9       2%          4
f - Kiss of Death         Conj/Necr      100%       2d13      1%          1
g - Ensorcelled Hibernat  Hex/Ice        82%        N/A       1%          2
h - Tukima's Dance        Hex            41%        N/A       1%          3
i - Manifold Assault      Tloc           41%        N/A       2%          4
Your spell library was empty.

Dungeon Overview and Level Annotations

Branches:
Dungeon (6/15)             Temple (0/1) D:6

Altars:
Ashenzari
Cheibriados
Elyvilon
Qazlal

Annotations:
D:6 1 runed translucent door, eurytides's ghost, novice MiFi


Innate Abilities, Weirdness & Mutations

You are a tree.
Your roots penetrate the ground, keeping you stationary.
You cannot be teleported.
You are immune to unholy pain and torment.
Your maximum health is greatly increased.
Your equipment is partially melded.
You are immune to sickness and miasma.
You are immune to poison.
((Your flesh is very heat resistant. (rF++)))
((You are vulnerable to cold. (rC-)))
You float through the air rather than walking.
You learn spells naturally, not from books.
Your magical power is your life essence.
You have superior vitality. (+4 MHP)


Message History

* * * LOW HITPOINT WARNING * * *
Casting: Ensorcelled Hibernation (safe; 1% risk of failure)
Confirm with . or Enter, or press ? or * to list all spells.
Aiming: Ensorcelled Hibernation (safe; 1% risk of failure)
Press: ? - help, Shift-Dir - straight line, f/p - orc wizard
Aim: an orc wizard, wielding a +0 dagger and wearing a +0 robe (chance to affect: 67%)
The orc wizard struggles to resist.
* * * LOW HITPOINT WARNING * * *
Unknown command.
Casting: Ensorcelled Hibernation (safe; 1% risk of failure)
Confirm with . or Enter, or press ? or * to list all spells.
Aiming: Ensorcelled Hibernation (safe; 1% risk of failure)
Press: ? - help, Shift-Dir - straight line, f/p - orc wizard
Aim: an orc wizard, wielding a +0 dagger and wearing a +0 robe (chance to affect: 67%)
The orc wizard looks drowsy...
* * * LOW HITPOINT WARNING * * *
You are no longer glowing.
You cannot move.
You cannot move.
You cannot move.
You cannot move.
The orc wizard gestures at you while chanting.
The magic dart hits you but does no damage.
Casting: Ensorcelled Hibernation (safe; 1% risk of failure)
Confirm with . or Enter, or press ? or * to list all spells.
Aiming: Magic Dart (safe; 1% risk of failure)
Press: ? - help, Shift-Dir - straight line, f/p - orc wizard
Aim: an orc wizard, wielding a +0 dagger and wearing a +0 robe (100% to hit)
The magic dart hits the orc wizard!
The orc wizard is heavily wounded.
* * * LOW HITPOINT WARNING * * *
The orc wizard gestures wildly while chanting.
The orc wizard flickers and vanishes for a moment.
You cannot move.
You cannot move.
The orc wizard points at you and mumbles some strange words.
The puff of flame hits you but does no damage.
The orc wizard casts a spell at you. The puff of flame hits you.
You die...

.#..#.....##. , , * * #
##..................... ,
##.................... ,
** ......................*
, ..................o)## *
, , .....................*
## , ......#............#,
.... ,
#..#..#.........)..##.....
,
######..........♣)).[.....
##.##.............#......
* * ##..#..............#
..... *
#.................##**##..
, ###.#.......##....# ,.
#.##.......#...##
#####......##.##
##.........* * ###.#....##


You could see an orc wizard (invisible).

Vanquished Creatures
  Sigmund (D:6)
  Menkaure (D:6)
  Duvessa (D:6)
  An ogre (D:5)
  2 phantoms (D:5)
  A kobold brigand (D:4)
  A scorpion (D:5)
  Dowan (D:6)
  A killer bee (D:5)
  An orc priest (D:4)
  2 hounds
  A jelly (D:4)
  A sleepcap (D:5)
  6 orc wizards
  3 iguanas
  9 gnolls (D:4)
  7 adders
  A shadow imp (D:4)
  A white imp (D:6)
  2 worms (D:4)
  2 dart slugs (D:1)
  15 orcs
  9 ball pythons
  8 bats
  4 endoplasms
  6 giant cockroaches
  8 goblins
  8 hobgoblins
  5 jackals
  3 quokkas
  4 frilled lizards (D:1)
  50 kobolds
  4 rats
170 creatures vanquished.

Vanquished Creatures (collateral kills)
  A kobold brigand (D:4)
1 creature vanquished.

Vanquished Creatures (others)
  A dancing weapon (D:6)
  14 fulminant prisms
15 creatures vanquished.

Grand Total: 186 creatures vanquished

Notes
Turn   | Place    | Note
-------+----------+-------------------------------------------
     0 | D:1      | frde the Djinni Conjurer began the quest for the Orb.
     0 | D:1      | frde set off with the following spells memorised: Magic
                  | Dart, Searing Ray, Dazzling Flash, Fulminant Prism,
                  | Iskenderun's Mystic Blast.
     0 | D:1      | Reached XP level 1. HP: 15/15 MP: 0/0
   286 | D:1      | Reached XP level 2. HP: 18/21 MP: 0/0
   581 | D:1      | Reached XP level 3. HP: 16/25 MP: 0/0
   581 | D:1      | Learned a level 1 spell: Kiss of Death
   827 | D:1      | Reached skill level 4 in Spellcasting
   882 | D:1      | Found a faded altar of an unknown god.
  1153 | D:2      | Reached XP level 4. HP: 25/31 MP: 0/0
  1546 | D:3      | Reached skill level 1 in Fighting
  1549 | D:3      | Found a white marble altar of Elyvilon.
  1700 | D:3      | Became a worshipper of Elyvilon the Healer
  1707 | D:3      | Reached XP level 5. HP: 9/38 MP: 0/0
  1707 | D:3      | Learned a level 2 spell: Ensorcelled Hibernation
  2062 | D:3      | Reached XP level 6. HP: 26/45 MP: 0/0
  2227 | D:3      | Found a broken altar of Ashenzari.
  2236 | D:3      | Fell from the grace of Elyvilon
  2236 | D:3      | Became a worshipper of Ashenzari the Shackled
  2623 | D:4      | Found a stormy altar of Qazlal.
  2778 | D:4      | Reached skill level 5 in Spellcasting
  2874 | D:4      | Identified the +2 mace of the Lettuce {freeze, rElec}
  3759 | D:4      | Reached XP level 7. HP: 44/50 MP: 0/0
  3759 | D:4      | Learned a level 3 spell: Tukima's Dance
  4503 | D:5      | Entered Level 5 of the Dungeon
  4642 | D:5      | Reached skill level 5 in Fighting
  4642 | D:5      | Reached XP level 8. HP: 45/59 MP: 0/0
  4688 | D:5      | Reached * piety under Ashenzari
  4787 | D:5      | Reached skill level 6 in Spellcasting
  4889 | D:5      | Found a snail-covered altar of Cheibriados.
  5438 | D:5      | Reached ** piety under Ashenzari
  5661 | D:6      | Noticed Sigmund
  5667 | D:6      | Killed Sigmund
  5708 | D:6      | Found a runed translucent door.
  5733 | D:6      | Noticed eurytides's ghost (novice MiFi)
  5814 | D:6      | Found a staircase to the Ecumenical Temple.
  5986 | D:6      | Noticed Menkaure
  5988 | D:6      | Noticed Dowan
  5996 | D:6      | Noticed Duvessa
  6006 | D:6      | Killed Duvessa
  6006 | D:6      | Killed Menkaure
  6007 | D:6      | Reached skill level 7 in Spellcasting
  6007 | D:6      | Reached XP level 9. HP: 26/68 MP: 0/0
  6007 | D:6      | Learned a level 4 spell: Manifold Assault
  6011 | D:6      | Killed Dowan
  6021 | D:6      | Reached skill level 1 in Maces & Flails
  6030 | D:6      | Killed from afar by an orc wizard

Illustrated notes

Levels and vault maps discovered:
D:1:      sevenhm_arrival_forest_fort_small_5, layout_basic,
          basic_ecumenical_altar
D:2:      layout_rooms
D:3:      layout_loops_ring, mainiacjoe_overflow_small_starburst,
          mainiacjoe_overflow_tiny_flanked
D:4:      minmay_goblin_kobold_castle, layout_basic,
          mainiacjoe_overflow_two_lobes, minmay_vboxes
D:5:      layout_basic, marbit_many_paths, minmay_holes, roderic_roman_lattice
D:6:      layout_cave_pools, minmay_temple_entry_glass, ebering_ghost_sewer_f,
          uniq_duvessa, uniq_sigmund, uniq_menkaure

Skill      XL: |  1  2  3  4  5  6  7  8  9 |
---------------+----------------------------+-----
Spellcasting   | 4 5 7 |  7.0
Fighting       | 1 2 3 5 6 |  6.6
Maces & Flails | 1 |  1.1
Dodging        | |  2.6
Stealth        | |  1.6

Action                     |  1- 3 |  4- 6 |  7- 9 || total
---------------------------+-------+-------+-------++-------
  Melee: Dagger            |     1 |    23 |       ||    24
         Short sword       |       |    40 |       ||    40
         Punch             |       |     2 |     1 ||     3
         Mace              |       |    12 |    74 ||    86
  Throw: Dart              |       |     4 |       ||     4
   Cast: Magic Dart        |    45 |    46 |    34 ||   125
         Searing Ray       |    10 |    19 |    25 ||    54
         Dazzling Flash    |       |     3 |     1 ||     4
         Ensorcelled Hiber |       |     2 |     4 ||     6
         Tukima's Dance    |       |       |     7 ||     7
         Fulminant Prism   |       |       |    14 ||    14
         Iskenderun's Myst |       |       |     2 ||     2
         Manifold Assault  |       |       |     1 ||     1
 Invoke: Curse Item        |       |     1 |     2 ||     3
    Use: Scroll            |       |     7 |     6 ||    13
         Potion            |       |     4 |     3 ||     7
   Stab: Sleeping          |       |     1 |       ||     1
 Armour: Leather armour    |     5 |    23 |    28 ||    56
         Skin              |       |       |     2 ||     2
  Dodge: Dodged            |    11 |    67 |    82 ||   160
  Block: Other             |       |       |     8 ||     8
         Reflection        |       |       |     1 ||     1
